 Dungeon Crawl Stone Soup version 0.29-a0-11-ga75d3d97ab (webtiles) character file.

Game seed: 12772891966496766210

70 cyrus the Ducker (level 4, -2/33 HPs)
             Began as a Djinni Gladiator on Jan 28, 2022.
             Slain by a goblin (3 damage)
             ... led by Robin
             ... on level 2 of the Dungeon.
             The game lasted 00:04:41 (1821 turns).

cyrus the Ducker (Djinni Gladiator)                 Turns: 1821, Time: 00:04:41

Health: -2/33      AC:  6    Str: 15    XL:     4   Next: 44%
Gold:   47         EV: 12    Int:  9    God:
                   SH:  0    Dex: 15

rFire   + + .      SeeInvis .   a - +0 long sword
rCold   x . .      Faith    .   (no shield)
rNeg    . . .      Spirit   .   e - +0 ring mail
rPois   ∞          Reflect  .   c - +0 helmet
rElec   .          Harm     .   (no cloak)
rCorr   .          Rampage  .   (no gloves)
Will    .....                   (boots unavailable)
Stlth   +.........              (no amulet)
HPRegen 0.11/turn               (no ring)
MPRegen 0.00/turn               (no ring)

@: flying
A: sickness immunity, fire resistance 2, cold vulnerability 1, float, innate
caster, hp casting, extra vitality 1
a: no special abilities


You were on level 2 of the Dungeon.
You visited 1 branch of the dungeon, and saw 2 of its levels.

You collected 47 gold pieces.

Inventory:

Hand Weapons
 a - a +0 long sword (weapon)
 l - a +0 hand axe of flaming
 q - a +2 dagger of venom
Missiles
 d - 3 throwing nets (quivered)
Armour
 b - a +0 leather armour
 c - a +0 helmet (worn)
 e - a +0 ring mail (worn)
Scrolls
 f - a scroll of noise {unknown}
 g - a scroll of fear {unknown}
 h - 2 scrolls of teleportation {unknown}
 j - 3 scrolls of identify {unknown}
 k - a scroll of enchant weapon {unknown}
 m - a scroll of holy word {unknown}
 n - a scroll of brand weapon {unknown}
Potions
 i - 2 potions of curing {unknown}
 o - a potion of magic {unknown}
 p - a potion of resistance {unknown}


   Skills:
 + Level 2.2 Fighting
 + Level 3.6 Long Blades
 + Level 1.8 Throwing
 + Level 0.4 Armour
 + Level 4.0 Dodging


You had 2 spell levels left.
You knew the following spells:

 Your Spells              Type           Power      Damage    Failure   Level
a - Beastly Appendage     Tmut           0%         N/A       63%         1
Your spell library was empty.

Dungeon Overview and Level Annotations

Branches:
Dungeon (2/15)

Altars:

Annotations:
D:2 Robin


Innate Abilities, Weirdness & Mutations

You are immune to sickness and miasma.
You are immune to poison.
Your flesh is very heat resistant. (rF++)
You are vulnerable to cold. (rC-)
You float through the air rather than walking.
You learn spells naturally, not from books.
Your magical power is your life essence.
You have superior vitality. (+4 MHP)


Message History

The goblin hits you with a +0 dagger. The goblin closely misses you.
You hit the goblin.
The goblin is heavily wounded.
A goblin comes into view. It is wielding a +0 dagger.
The goblin barely misses you.
The goblin hits you with a +0 dagger. x2
You barely miss the goblin.
The goblin is heavily wounded.
The goblin misses you.
The goblin hits you with a +0 dagger. x2
The goblin barely misses you.
You hit the goblin.
The goblin is severely wounded.
The goblin barely misses you. The goblin hits you but does no damage.
The goblin completely misses you. The goblin hits you but does no damage.
The goblin hits you with a +0 dagger.
* * * LOW HITPOINT WARNING * * *
Unknown command.
You completely miss the goblin.
The goblin is severely wounded.
The goblin misses you. The goblin barely misses you.
The goblin hits you with a +0 dagger.
* * * LOW HITPOINT WARNING * * *
You miss the goblin.
The goblin is severely wounded.
The goblin barely misses you. The goblin hits you with a +0 dagger.
* * * LOW HITPOINT WARNING * * *
The goblin hits you with a +0 dagger.
* * * LOW HITPOINT WARNING * * *
You miss the goblin.
The goblin is severely wounded.
The goblin hits you but does no damage. x2; The goblin misses you.
The goblin closely misses you.
You slash the goblin!
You kill the goblin!
The goblin no longer looks unusually strong.
The goblin hits you with a +0 dagger.
* * * LOW HITPOINT WARNING * * *
Robin throws the goblin at you! The goblin hits you but does no damage.
The goblin barely misses you. The goblin completely misses you.
You barely miss the goblin. The goblin hits you with a +0 dagger.
You die...

#### ...# ... ..
### g# .<# ##g#
### #@g# # #g##
######.# #####.#
##.....# #.....#
...#########.#####
###.........<#
#.####..####
##.#.......#
##..#.#####.#


You could see Robin and 3 goblins.

Vanquished Creatures
  2 adders (D:2)
  3 dart slugs
  7 bats
  6 endoplasms
  4 giant cockroaches
  6 goblins
  A hobgoblin (D:1)
  2 jackals (D:1)
  A quokka (D:1)
  A ball python (D:1)
  2 frilled lizards
  5 kobolds
  5 rats
45 creatures vanquished.

Notes
Turn   | Place    | Note
-------+----------+-------------------------------------------
     0 | D:1      | cyrus the Djinni Gladiator began the quest for the Orb.
     0 | D:1      | Reached XP level 1. HP: 18/18 MP: 0/0
   112 | D:1      | Reached XP level 2. HP: 23/23 MP: 0/0
   454 | D:1      | Reached XP level 3. HP: 11/28 MP: 0/0
   454 | D:1      | Learned a level 1 spell: Beastly Appendage
  1513 | D:2      | Reached XP level 4. HP: 21/33 MP: 0/0
  1631 | D:2      | Reached skill level 4 in Dodging
  1749 | D:2      | Found a faded altar of an unknown god.
  1806 | D:2      | Noticed Robin
  1820 | D:2      | HP: 1/33 [goblin[Robin] (3)]
  1821 | D:2      | Slain by a goblin

Illustrated notes

Levels and vault maps discovered:
D:1:      dpeg_arrival_orchard, layout_rooms, chequers_serial_rivers_micro_b,
          corexii_item_surrounded_by_moat
D:2:      layout_rooms, nicolae_ecumenical_oubliette,
          kennysheep_generic_room_14, uniq_robin

Skill      XL: |  1  2  3  4 |
---------------+-------------+-----
Long Blades    | 3 |  3.6
Dodging        | 4 |  4.0
Fighting       | |  2.2
Throwing       | |  1.8
Armour         | |  0.4

Action                   |  1- 3 |  4- 6 || total
-------------------------+-------+-------++-------
Melee: Long sword        |    92 |    34 ||   126
       Punch             |     1 |       ||     1
Armor: Ring mail         |    66 |    19 ||    85
Dodge: Dodged            |   101 |    33 ||   134

Table legend: (Time is in decaauts)
 A = Elapsed time spent in this place.
 B = Non-inter-level travel time spent in this place.
 C = Inter-level travel time spent in this place.
 D = Time resting spent in this place.
 E = Time spent auto-exploring this place.
 F = Levels seen in this place.
 G = Mean time per level.
                   A        B        C        D        E       F      G
               +--------+--------+--------+--------+--------+-----+--------+
         Total |   1850 |   1850 |      0 |    701 |    656 |   2 |  925.0 |
       Dungeon |   1850 |   1850 |      0 |    701 |    656 |   2 |  925.0 |
               +--------+--------+--------+--------+--------+-----+--------+

Top non-repeatable levels by time:
     D:1: 988 daAuts
     D:2: 862 daAuts
